 Dungeon Crawl Stone Soup version 0.20-a0-700-gbd4582c (webtiles) character file.

28 Kaname the Vexing (level 3, 24/24 HPs)
             Began as a Demonspawn Enchanter on Feb 20, 2017.
             Quit the game on level 1 of the Dungeon.
             The game lasted 00:01:53 (1146 turns).

Kaname the Vexing (Demonspawn Enchanter)            Turns: 1146, Time: 00:01:54

Health: 24/24      AC:  4    Str:  8    XL:     3   Next: 0%
Magic:  6/6        EV: 12    Int: 17    God:
Gold:   69         SH:  0    Dex: 13    Spells: 3/6 levels left

rFire    . . .     SeeInvis .   a - +1 dagger
rCold    . . .     Gourm    .   b - +0 robe
rNeg     . . .     Faith    .   (no shield)
rPois    .         Spirit   .   (no helmet)
rElec    .         Reflect  .   (no cloak)
rCorr    .         Harm     .   (no gloves)
MR       .....                  (no boots)
Stlth    ++........             (no amulet)
Regen    0.1/turn               (no ring)
MPRegen  0.1/turn               (no ring)

@: no status effects
A: iridescent scales 1, demonic guardian 1
a: no special abilities


You were on level 1 of the Dungeon.
You were hungry.

You visited 1 branch of the dungeon, and saw 1 of its levels.

You collected 69 gold pieces.

Inventory:

Hand Weapons
 a - a +1 dagger (weapon)
Missiles
 k - 7 tomahawks (quivered)
Armour
 b - a +0 robe (worn)
Scrolls
 g - a scroll of amnesia {unknown}
 j - a scroll of identify {unknown}
Potions
 e - 4 potions of curing {unknown}
 i - a potion of invisibility {unknown}
 l - a potion of heal wounds {unknown}
Books
 c - a book of Maledictions

   Spells                             Type                      Level
   a - Corona                         Hexes                        1
   b - Ensorcelled Hibernation        Hexes/Ice                    2
   c - Confuse                        Hexes                        3
   d - Tukima's Dance                 Hexes                        3
   e - Dazzling Spray                 Conjuration/Hexes            3
Comestibles
 d - 2 bread rations
 f - a meat ration
 h - a royal jelly


   Skills:
 - Level 2.0 Short Blades
 - Level 1.7 Dodging
 - Level 3.0 Stealth
 - Level 2.0 Spellcasting
 - Level 3.0 Hexes
 + Level 1.0 Ice Magic


You had 3 spell levels left.
You knew the following spells:

 Your Spells              Type           Power        Failure   Level  Hunger
a - Corona                Hex            ##.....      6%          1    #......
b - Ensorcelled Hibernat  Hex/Ice        #.....       14%         2    ###....


Dungeon Overview and Level Annotations

Branches:
Dungeon (1/15)

Altars:


Innate Abilities, Weirdness & Mutations

You are partially covered in iridescent scales. (AC +2)
A weak demonic guardian rushes to your aid.


Message History

The bat hits you but does no damage.
You hit the bat.
You kill the bat!
Your Ice Magic skill increases to level 1!
You open the door.
There is an open door here.
You enter the shallow water.
Moving in this stuff is going to be slow.
There is an open door here.
You see here a club.
A rat comes into view.
A rat is nearby!
You hit the rat.
You kill the rat!
You have reached level 3!
Your experience leads to an increase in your attributes!
Increase (S)trength, (I)ntelligence, or (D)exterity?
You feel clever.
Your demonic ancestry asserts itself...
Iridescent scales grow over part of your body.
Are you sure you want to abandon this character and quit the game? (Confirm with "yes".)

##.## #.# #)# #.# #.# #.#
#.# #########.#
#####........@####
#...#.######.†...# ###
#.#......###.....#####.##
#...#.##................#
##.##.#####......#####.####
#.##.######.....# #.....#
#.##.........#### #..##.#
#.##########.# #..##.# #.#
#.# #...#.#


There were no monsters in sight!

Vanquished Creatures
  2 dart slugs (D:1)
  2 leopard geckos (D:1)
  A ball python (D:1)
  3 bats (D:1)
  A goblin (D:1)
  2 hobgoblins (D:1)
  3 jackals (D:1)
  2 kobolds (D:1)
  4 rats (D:1)
20 creatures vanquished.

Notes
Turn   | Place    | Note
-------+----------+-------------------------------------------
     0 | D:1      | Kaname the Demonspawn Enchanter began the quest for the Orb.
     0 | D:1      | Reached XP level 1. HP: 13/13 MP: 3/3
     2 | D:1      | Reached skill level 1 in Short Blades
   299 | D:1      | Gained mutation: A weak demonic guardian rushes to your aid. [demonic ancestry]
   299 | D:1      | Reached XP level 2. HP: 19/19 MP: 5/5
   303 | D:1      | Learned a level 2 spell: Ensorcelled Hibernation
  1070 | D:1      | Reached skill level 1 in Ice Magic
  1145 | D:1      | Gained mutation: You are partially covered in iridescent scales. (AC +2) [demonic ancestry]
  1145 | D:1      | Reached XP level 3. HP: 24/24 MP: 6/6
  1146 | D:1      | Quit the game

Vault maps used:
D:1:      saegor_arrival_simple_d

Skill      XL: |  1  2 |
---------------+-------+-----
Short Blades   | 1 2 |  2.0
Stealth        | 3 |  3.0
Ice Magic      | 1 |  1.0
Dodging        | |  1.7
Spellcasting   | |  2.0
Hexes          | |  3.0

Action                   || total
-------------------------++-------
Melee: Dagger            ||    72
 Cast: Ensorcelled Hiber ||     1
 Stab: Sleeping          ||     3
Armor: Robe              ||    11
Dodge: Dodged            ||    48
